 Dungeon Crawl Stone Soup version 0.22-a0-565-gfc6459a524 (webtiles) character file.

10368 Hercules1031 the Shield-Bearer (level 11, -3/58 HPs)
             Began as a Vine Stalker Fighter on June 28, 2018.
             Was a Priest of Ashenzari.
             Slain by a chaos spawn (9 damage)
             ... summoned by an orc sorcerer
             ... on level 2 of the Orcish Mines.
             The game lasted 00:31:45 (7472 turns).

Hercules1031 the Shield-Bearer (VSFi)               Turns: 7472, Time: 00:31:46

Health: -3/58      AC: 14    Str: 25    XL:     11   Next: 61%
Magic:  0/23       EV: 10    Int:  8    God:    Ashenzari [***...]
Gold:   981        SH:  0    Dex: 19    Spells: 24/24 levels left

rFire    . . .     SeeInvis +   a - +3 war axe
rCold    . . .     Gourm    .   c - +0 shield (curse)
rNeg     . . .     Faith    .   s - +0 plate armour (curse)
rPois    .         Spirit   +   i - +2 helmet (curse)
rElec    .         Reflect  +   p - +0 cloak (curse)
rCorr    .         Harm     .   (no gloves)
MR       +....                  g - +2 pair of boots (curse)
Stlth    ..........             d - +2 amulet of reflection
HPRegen  0.59/turn              D - +5 ring of dexterity
MPRegen  0.18/turn              u - +3 ring of strength (curse)

@: confused, corroded
A: fangs 3, regeneration 1, magic shield, antimagic bite, no potion heal 3, rot
immunity
a: Curse Item, Scrying, Renounce Religion


You were on level 2 of the Orcish Mines.
You worshipped Ashenzari.
Ashenzari was most pleased with you.
You were not hungry.

You visited 2 branches of the dungeon, and saw 11 of its levels.

You collected 1086 gold pieces.
You spent 105 gold pieces at shops.

Inventory:

Hand Weapons
 a - a +3 war axe (weapon)
Armour
 c - a cursed +0 shield (worn)
 g - a cursed +2 pair of boots (worn)
 i - a cursed +2 helmet (worn)
 p - a cursed +0 cloak (worn)
 s - a cursed +0 plate armour (worn)
Jewellery
 d - a +2 amulet of reflection (around neck)
 h - an uncursed ring of protection from magic
 l - an uncursed ring of resist corrosion
 q - an uncursed ring of flight
 u - a cursed +3 ring of strength (right hand)
 v - an uncursed ring of see invisible
 D - a +5 ring of dexterity (left hand)
Wands
 y - a wand of clouds (6)
Scrolls
 e - 4 scrolls of teleportation
 j - a scroll of amnesia
 k - 13 scrolls of identify
 m - a scroll of fear
 n - a scroll of blinking
 C - a scroll of magic mapping
Potions
 b - a potion of magic {unknown}
 o - a potion of haste {unknown}
 r - a potion of ambrosia
 w - a potion of cancellation {unknown}
 z - a potion of resistance {unknown}
 B - 2 potions of mutation {unknown}
Miscellaneous
 A - a lightning rod (4/4)
Comestibles
 f - 11 rations


   Skills:
 + Level 7.2 Fighting
 + Level 7.0 Axes
 + Level 6.7(9.7) Armour
 + Level 6.0 Dodging
 + Level 7.3(9.3) Shields
 + Level 7.3 Spellcasting


You had 24 spell levels left.
You didn't know any spells.
Your spell library contained the following spells:

 Spells                   Type           Power        Failure   Level  Hunger
 Cause Fear               Hex            #.........   100%        4    ####...
 Bolt of Fire             Conj/Fire      #.........   100%        6    #######
 Throw Frost              Conj/Ice       #.....       100%        2    ##.....
 Animate Dead             Necr           N/A          100%        4    ####...
 Pain                     Necr           #...         99%         1    None
 Animate Skeleton         Necr           N/A          99%         1    None
 Vampiric Draining        Necr           #.........   100%        3    ###....
 Freeze                   Ice            #...         99%         1    None
 Summon Ice Beast         Ice/Summ       #.......     100%        4    ####...
 Ozocubu's Armour         Chrm/Ice       #.......     100%        3    ###....
 Regeneration             Chrm/Necr      #.........   100%        3    ###....
 Deflect Missiles         Chrm/Air       #.........   100%        6    #######
 Throw Icicle             Conj/Ice       #.......     100%        4    ####...
 Summon Butterflies       Summ           #.......     99%         1    None
 Silence                  Hex/Air        #.........   100%        5    ######.
 Aura of Abjuration       Summ           #.........   100%        5    ######.
 Force Lance              Conj/Tloc      #.......     100%        4    ####...
 Discord                  Hex            #.........   100%        8    #######
 Summon Lightning Spire   Summ/Air       #.......     100%        4    ####...
 Yara's Violent Unravell  Hex/Tmut       #.........   100%        5    ######.


Dungeon Overview and Level Annotations

Branches:
Dungeon (9/15)             Temple (0/1) D:7             Orc (2/2) D:9
    Elf (0/3) Orc:2
   Lair: D:8-11

Altars:
Ashenzari
Fedhas

Shops:
D:4 =   Orc:2 =


Innate Abilities, Weirdness & Mutations

You have razor-sharp teeth.
Your natural rate of healing is unusually fast.
When hurt, damage is shared between your health and your magic reserves.
Your bite disrupts and absorbs the magic of your enemies.
Potions cannot restore your health.
You are immune to rotting.


Message History

The warg bites you. You block the chaos spawn's attack.
You hit the orc sorcerer but do no damage.
You bite the orc sorcerer, but do no damage.
The orc sorcerer is almost dead.
You hit the chaos spawn. You hit the warg but do no damage.
The orc sorcerer shouts, "You are history!"
You block the orc sorcerer's attack. The warg bites you.
The chaos spawn hits you!
* * * LOW HITPOINT WARNING * * *
The chaos spawn shocks you!
* * * LOW HITPOINT WARNING * * *
It was a potion of ambrosia.
You are confused.
Your system rejects the healing.
You feel invigorated.
The orc sorcerer falters for a moment.
The warg bites you!
* * * LOW HITPOINT WARNING * * *
The chaos spawn gores you.
* * * LOW HITPOINT WARNING * * *
The chaos spawn freezes you!
You die...

* * *.# #....## #..... ,
..**##....# ##.... * *
*, ..,*##...#####..... ,
##,##. #....#.##......
##.##.. ##.......##.....
, , #......
#.......#..#.... ,
,#.....###..............
, ,#.h...####..........
, , ,##o@### ##.........
, ,, ##4#*{ {##........
, ,, #.oo# ,{, #........
....o##, ,, ,##....##) ,
.o...#.*{∆ { ,,{#.......
.....## ,{, ,{ #.......
, .... * , { {#.....#.
... , { #.#...## , ... ,
, ,,∆####...#


You could see a chaos spawn, a warg, an orc sorcerer, an orc priest and 2 orcs.

Vanquished Creatures
  The ghost of Latiucha the Zephyrmancer, a journeyman DEAE of Sif Muna (Orc:1)
  Pikel (D:7)
  An orc knight (Orc:2)
  A queen bee (D:9)
  A troll (Orc:2)
  A hippogriff (D:8)
  Prince Ribbit (D:5)
  7 yaks (D:9)
  4 wargs
  A hungry ghost (D:8)
  Duvessa (D:7)
  16 orc warriors
  A sky beast (D:8)
  3 slaves (D:7)
  4 ice beasts
  A necrophage (D:3)
  4 phantoms
  The ghost of Hercules1031 the Magician, an amateur DgWz (D:3)
  6 ogres
  4 centaurs
  Blork the orc (D:4)
  3 bullfrogs
  Dowan (D:7)
  A wyvern skeleton (D:8)
  2 scorpions
  25 killer bees (D:9)
  2 howler monkeys (D:9)
  3 crimson imps
  2 quasits
  A jelly (D:7)
  6 orc priests
  2 hounds
  19 orc wizards
  An iguana (D:4)
  Natasha (thrice) (D:2)
  3 worker ants
  A hound zombie (D:2)
  A worker ant zombie (D:9)
  3 gnolls (D:6)
  10 adders
  5 shadow imps
  An ooze (D:3)
  5 adder skeletons
  3 adder zombies
  2 worms
  3 dart slugs
  10 leopard geckos
  78 orcs
  A ball python (D:4)
  5 bats
  2 giant cockroaches
  4 hobgoblins
  13 jackals
  A quokka (D:7)
  A ball python zombie (D:2)
  8 frilled lizards
  2 giant cockroach zombies
  6 goblins
  A jackal skeleton (D:7)
  A kobold (D:1)
  2 quokka skeletons
  A quokka zombie (D:6)
  5 rats
310 creatures vanquished.

Vanquished Creatures (others)
  An orc (D:4)
1 creature vanquished.

Grand Total: 311 creatures vanquished

Notes
Turn   | Place    | Note
-------+----------+-------------------------------------------
     0 | D:1      | Hercules1031 the Vine Stalker Fighter began the quest for the Orb.
     0 | D:1      | Reached XP level 1. HP: 11/11 MP: 2/2
   160 | D:1      | Reached XP level 2. HP: 16/16 MP: 1/3
   625 | D:2      | Noticed Natasha
   626 | D:2      | Reached XP level 3. HP: 19/19 MP: 5/5
   633 | D:2      | Killed Natasha
   633 | D:2      | Reached skill level 1 in Spellcasting
   668 | D:2      | Found a shattered altar of Ashenzari.
   668 | D:2      | Noticed Natasha
   672 | D:2      | Killed Natasha
   672 | D:2      | Gained mutation: Your natural rate of healing is unusually fast. [Vine Stalker growth]
   672 | D:2      | Reached XP level 4. HP: 19/24 MP: 6/6
   676 | D:2      | Became a worshipper of Ashenzari the Shackled
   754 | D:2      | Reached skill level 1 in Dodging
   851 | D:2      | Noticed Natasha
   861 | D:2      | Killed Natasha
   861 | D:2      | Reached XP level 5. HP: 22/28 MP: 5/8
  1380 | D:3      | Reached XP level 6. HP: 30/32 MP: 7/10
  1484 | D:3      | Noticed a necrophage
  1493 | D:3      | Killed a necrophage
  1769 | D:3      | Found a runed gate.
  1769 | D:3      | Found a runed gate.
  1769 | D:3      | Found a runed gate.
  1769 | D:3      | Noticed Hercules1031's ghost (amateur DgWz)
  1812 | D:3      | Killed Hercules1031's ghost
  1930 | D:4      | Reached XP level 7. HP: 18/37 MP: 5/11
  2000 | D:4      | Found a blossoming altar of Fedhas.
  2094 | D:4      | Reached * piety under Ashenzari
  2124 | D:4      | Noticed Blork the orc
  2143 | D:4      | Killed Blork the orc
  2154 | D:4      | Found Ciolouh's Jewellery Emporium.
  2448 | D:5      | Entered Level 5 of the Dungeon
  2493 | D:5      | Noticed Prince Ribbit
  2524 | D:5      | HP: 1/37 [Prince Ribbit (9)]
  2642 | D:5      | Identified Sif Muna's Disquisition on Supportive Conjuration
  2708 | D:5      | Gained mutation: You have razor-sharp teeth. [Vine Stalker growth]
  2708 | D:5      | Reached XP level 8. HP: 28/42 MP: 8/14
  3025 | D:5      | Killed Prince Ribbit
  3457 | D:6      | Reached ** piety under Ashenzari
  3681 | D:7      | Reached XP level 9. HP: 46/46 MP: 16/16
  3692 | D:7      | Reached skill level 5 in Fighting
  3692 | D:7      | Reached skill level 5 in Shields
  3875 | D:7      | Found a staircase to the Ecumenical Temple.
  4142 | D:7      | Noticed Pikel
  4158 | D:7      | Killed Pikel
  4158 | D:7      | Reached skill level 5 in Axes
  4158 | D:7      | Reached skill level 5 in Armour
  4158 | D:7      | Reached skill level 5 in Spellcasting
  4263 | D:7      | Noticed Duvessa
  4277 | D:7      | Killed Duvessa
  4281 | D:7      | Noticed Dowan
  4291 | D:7      | Killed Dowan
  4615 | D:8      | Reached XP level 10. HP: 46/53 MP: 19/19
  5447 | D:9      | Reached skill level 5 in Dodging
  5533 | D:9      | Reached *** piety under Ashenzari
  5673 | D:9      | Reached XP level 11. HP: 42/58 MP: 16/21
  5927 | D:9      | Found a staircase to the Orcish Mines.
  6279 | Orc:1    | Entered Level 1 of the Orcish Mines
  6307 | Orc:1    | HP: 2/58 [poisoned by an orc warrior]
  6312 | Orc:1    | HP: 1/58 [poisoned by an orc warrior]
  6317 | Orc:1    | HP: 1/58 [poisoned by an orc warrior]
  6683 | Orc:1    | Found a runed door.
  6691 | Orc:1    | Noticed Latiucha's ghost (journeyman DEAE)
  6735 | Orc:1    | Killed Latiucha's ghost
  7025 | Orc:2    | Entered Level 2 of the Orcish Mines
  7252 | Orc:2    | Found a staircase to the Elven Halls.
  7272 | Orc:2    | Found Xotunu's Jewellery Boutique.
  7310 | Orc:2    | Bought a +2 amulet of reflection for 105 gold pieces
  7437 | Orc:2    | Noticed an orc knight
  7452 | Orc:2    | Noticed an orc sorcerer
  7460 | Orc:2    | Killed an orc knight
  7472 | Orc:2    | Slain by a chaos spawn

Vault maps used:
D:1:      nzn_arrival_water_spiral
D:2:      ashenzari_conservatory_becter, serial_undead, serial_undead_e,
          serial_undead_c, serial_undead_b, serial_undead_d, serial_undead_f,
          serial_undead_c, serial_undead_f, minmay_lizard_king, uniq_natasha
D:3:      ebering_ghost_rock_garden
D:4:      fedhas_bush_and_centaur_altar, serial_shops, nicolae_shop_stone,
          first_ration, uniq_blork_the_orc
D:5:      moated_statue, uniq_prince_ribbit1
D:6:      serial_bayou_ford_a
D:7:      minmay_temple_entry_steel_oval, uniq_pikel, uniq_duvessa
D:9:      hiddenorc1_lemuel, david_nohive_1
Orc:1:    gammafunk_ghost_grave, nicolae_orc_crystal_geode
Orc:2:    grunt_orc_tribal_feast, serial_shops, nicolae_shop_stone

Skill      XL: |  1  2  3  4  5  6  7  8  9 10 11 |
---------------+----------------------------------+-----
Axes           | 2 3 4 5 6 7 |  7.0
Fighting       | 3 4 5 6 7 |  7.2
Shields        | 3 4 5 6 7 |  7.3
Spellcasting   | 1 2 3 4 5 6 7 |  7.3
Dodging        | 1 2 3 4 5 6 |  6.0
Armour         | 3 4 5 6 |  6.7

Action                   |  1- 3 |  4- 6 |  7- 9 | 10-12 || total
-------------------------+-------+-------+-------+-------++-------
Melee: War axe           |    54 |   161 |   348 |   444 ||  1007
       Bite              |    16 |    40 |   116 |   161 ||   333
Invok: Curse Item        |       |     1 |     2 |     2 ||     5
  Use: Potion            |       |     3 |       |     4 ||     7
       Scroll            |       |       |    10 |     5 ||    15
  Eat: Ration            |       |     2 |     2 |     5 ||     9
Armor: Scale mail        |    30 |   103 |    13 |       ||   146
       Chain mail        |       |       |   119 |       ||   119
       Plate armour      |       |       |   146 |   298 ||   444
Dodge: Dodged            |    25 |    62 |   128 |   207 ||   422
Block: Shield            |    26 |    88 |   231 |   376 ||   721

Table legend:
 A = Spawn XP
 B = Non-spawn XP
 C = Spawn XP percentage of total XP
 D = Spawn monster count
 E = Non-spawn monster count
 F = Spawn count percentage of total count
 G = Total turns spent on level
                    A         B        C        D         E        F      G
               +---------+---------+-------+---------+---------+-------+---------
         Total |       0 |   14812 |   0.0 |       0 |     308 |   0.0 |  7472
               +---------+---------+-------+---------+---------+-------+---------
           D:1 |       0 |      28 |   0.0 |       0 |      13 |   0.0 |   584
           D:2 |       0 |     225 |   0.0 |       0 |      36 |   0.0 |   732
           D:3 |       0 |     346 |   0.0 |       0 |      14 |   0.0 |   608
           D:4 |       0 |     514 |   0.0 |       0 |      21 |   0.0 |   524
           D:5 |       0 |     593 |   0.0 |       0 |      10 |   0.0 |   732
           D:6 |       0 |     630 |   0.0 |       0 |      24 |   0.0 |   492
           D:7 |       0 |    2009 |   0.0 |       0 |      32 |   0.0 |   918
           D:8 |       0 |    1507 |   0.0 |       0 |      23 |   0.0 |   540
           D:9 |       0 |    3997 |   0.0 |       0 |      68 |   0.0 |  1357
         Orc:1 |       0 |    2932 |   0.0 |       0 |      44 |   0.0 |   538
         Orc:2 |       0 |    2031 |   0.0 |       0 |      23 |   0.0 |   447
               +---------+---------+-------+---------+---------+-------+---------
